Map: World of Sleepers LE

Players

Mez

  • Race: Terran Terran
  • League: Master
  • Spawn Location: 7:00

LuNe - Winner!

  • Race: Terran Terran
  • League: Master
  • Spawn Location: 1:00

VOD

Have the link to the VOD?

Description

Time

  • Played on: Aug. 23, 2019, 5:30 p.m.
  • Length: 17:03
Show
View Real Time Build Order
Export as new Build Order

Mez Terran 

Build Orders: Gas First Reaper Expand 

Get SALT Encoding   

  12  0:00  SCV  
  13  0:13  SCV  
  14  0:17  Supply Depot  
  14  0:25  SCV  
  14  0:27  Refinery  
  15  0:38  SCV  
  16  0:46  Barracks  
  16  0:51  SCV  
  17  1:03  SCV  
  18  1:18  SCV  
  19  1:34  Orbital Command, Reaper  
  20  1:44  Command Center  
  20  1:56  Factory  
  20  2:00  SCV  
  21  2:11  Barracks Reactor  
  21  2:12  Supply Depot  
  21  2:17  SCV  
  21  2:21  Refinery  
  22  2:29  SCV  
  23  2:41  Factory Tech Lab  
  23  2:45  SCV  
  23  2:49  Marine x2  
  26  2:57  SCV, Orbital Command  
  27  3:00  Cyclone  
  30  3:08  Marine x2  
  30  3:10  SCV  
  33  3:12  Starport  
  33  3:23  SCV  
  33  3:24  SCV  
  33  3:26  Refinery  
  35  3:29  Marine x2  
  37  3:37  Siege Tank  
  37  3:38  SCV x2  
  42  3:45  Supply Depot  
  42  3:51  Starport Tech Lab  
  42  3:54  SCV x2  
  44  3:56  Marine x2  
  46  4:03  Supply Depot  
  46  4:07  SCV x2, Supply Depot  
  48  4:10  Raven  
  50  4:20  SCV x2  
  50  4:22  Marine  
  50  4:23  Marine  
  54  4:24  Siege Tank  
  57  4:32  Supply Depot  
  57  4:33  SCV  
  57  4:34  SCV  
  59  4:43  Marine x2  
  59  4:45  SCV  
  62  4:51  Command Center  
  62  4:53  SCV  
  62  4:58  Raven  
  65  5:02  SCV  
  65  5:03  Siege Tank  
  65  5:05  SCV  
  69  5:11  Marine x2  
  70  5:18  Barracks  
  70  5:19  SCV x2  
  70  5:20  Barracks  
  72  5:26  Refinery  
  72  5:27  Supply Depot  
  72  5:31  Supply Depot  
  72  5:37  Siege Tank  
  75  5:45  SCV x2  
  75  5:48  Engineering Bay  
  75  5:49  Stimpack  
  77  5:50  Medivac, Engineering Bay  
  79  5:57  SCV x2  
  82  6:05  Orbital Command  
  82  6:08  Supply Depot x2  
  82  6:15  Barracks Reactor x2  
  82  6:16  Siege Tank  
  84  6:27  Barracks, SCV x2  
  84  6:29  Barracks  
  86  6:33  Marine  
  86  6:39  Medivac x2  
  91  6:41  SCV x3  
  94  6:50  Marine  
  94  6:53  SCV  
  89  7:04  Orbital Command  
  89  7:07  Marine x4  
  80  7:08  Marine  
  80  7:09  Siege Tank  
  80  7:10  SCV, Medivac x2  
  80  7:11  SCV  
  84  7:22  Barracks Reactor x2  
  84  7:25  Marine x2, Terran Infantry Armor Level 1, Terran Infantry Weapons Level 1  
  86  7:35  SCV  
  86  7:36  SCV x2  
  89  7:41  Marine x3  
  89  7:42  Marine  
  89  7:43  Marine  
  97  7:44  Siege Tank  
  97  7:48  SCV  
  98  7:54  SCV x2  
  98  7:57  Viking x2  
  98  7:58  Marine x4  
  104  7:59  Marine x3  
  104  8:00  SCV  
  104  8:05  Marine x2  
  112  8:12  SCV x2, Supply Depot x2  
  116  8:13  SCV, Supply Depot  
  116  8:16  Marine x4  
  116  8:17  Marine  
  121  8:20  Siege Tank  
  121  8:24  Factory  
  121  8:26  Refinery x2  
  124  8:29  Marine  
  124  8:31  Command Center  
  124  8:33  Marine x3  
  124  8:34  Marine  
  128  8:35  Medivac x2  
  131  8:47  Marine x5  
  135  8:51  Marine  
  135  8:52  Siege Tank  
  135  8:53  Supply Depot  
  135  8:55  Supply Depot  
  138  8:56  Supply Depot  
  138  9:06  Marine  
  138  9:07  Marine x7  
  138  9:09  Marine  
  147  9:12  Armory  
  147  9:17  Supply Depot  
  147  9:24  Marine x2  
  147  9:25  Marine  
  147  9:28  Barracks, Supply Depot  
  147  9:29  Marine, Barracks  
  147  9:30  Marine x5  
  147  9:31  Factory Tech Lab, Barracks  
  156  9:42  Marine  
  116  9:58  Marine x4  
  116  9:59  Marine x4  
  122  10:00  Marine  
  122  10:02  Siege Tank  
  122  10:03  SCV x2  
  128  10:09  Siege Tank  
  128  10:10  Medivac  
  133  10:16  Marine x5  
  136  10:22  Marine x2  
  136  10:23  Barracks Reactor x2  
  136  10:24  Barracks Reactor  
  134  10:31  SCV x3  
  134  10:34  Siege Tank  
  139  10:43  Marine x7  
  139  10:44  Marine x2  
  128  10:58  Siege Tank  
  128  11:01  Marine x9  
  138  11:05  Marine  
  138  11:06  Marine x2  
  138  11:07  Planetary Fortress  
  138  11:09  Missile Turret  
  138  11:18  Sensor Tower  
  138  11:19  Marine x4  
  138  11:21  Sensor Tower  
  138  11:23  Marine x5  
  138  11:24  Marine  
  148  11:31  SCV x3  
  151  11:34  Refinery  
  151  11:36  Refinery  
  151  11:43  SCV  
  151  11:46  SCV  
  151  11:47  Command Center  
  153  11:52  SCV x2  
  155  11:55  SCV  
  155  11:58  SCV  
  154  12:03  Terran Infantry Armor Level 2, Terran Infantry Weapons Level 2  
  153  12:09  Marine  
  153  12:10  Marine x3  
  153  12:11  Marine  
  156  12:26  Marine  
  156  12:27  Marine x5  
  162  12:30  Terran Vehicle Weapons Level 1  
  162  12:38  Starport  
  162  12:39  Starport  
  162  12:40  Fusion Core  
  162  12:41  Viking  
  162  12:42  Viking  
  165  13:16  Marine  
  165  13:17  Marine x14  
  175  13:26  Siege Tank  
  179  13:31  Orbital Command  
  174  13:34  Marine x2  
  161  13:54  Planetary Fortress  
  160  13:58  SCV x4  
  163  14:07  Sensor Tower  
  162  14:10  SCV x4  
  134  14:25  Siege Tank  
  134  14:30  Marine  
  134  14:31  Marine x14  
  126  14:43  SCV x4  
  127  14:47  Command Center  
  127  14:48  Marine  
  127  14:49  Marine x6  
  127  14:50  Viking x3  
  127  14:51  Viking  
  142  14:55  SCV x2  
  142  14:57  Siege Tank  
  133  15:18  Marine  
  133  15:20  Medivac x3  
  112  15:21  Medivac  
  112  15:23  Marine x9  
  121  15:38  Marine  
  121  15:41  Siege Tank  
  106  15:58  Medivac x3  
  106  15:59  Medivac  
  114  16:13  Siege Tank  
  114  16:14  Marine, Refinery  
  114  16:15  Marine x14  
  114  16:17  Refinery  
  132  16:28  Medivac  
Show
View Real Time Build Order
Export as new Build Order

LuNe Terran - Winner!

Build Orders: Reaper Expand 

Get SALT Encoding   

  12  0:00  SCV  
  13  0:12  SCV  
  14  0:17  Supply Depot  
  14  0:27  SCV  
  15  0:37  Refinery  
  15  0:40  SCV  
  16  0:45  Barracks  
  16  0:52  SCV  
  17  1:03  Refinery  
  17  1:04  SCV  
  18  1:16  SCV  
  19  1:32  Reaper  
  21  1:34  Orbital Command  
  20  1:55  Command Center  
  20  2:02  SCV  
  21  2:11  Factory  
  21  2:15  SCV  
  22  2:18  Barracks Reactor  
  22  2:25  Supply Depot  
  22  2:29  SCV  
  23  2:46  SCV  
  24  2:55  Marine x2  
  24  2:56  Starport  
  26  3:00  Factory Tech Lab  
  26  3:01  SCV  
  27  3:06  Orbital Command  
  27  3:13  Marine x2  
  27  3:14  SCV  
  30  3:21  Cyclone  
  30  3:26  SCV  
  34  3:31  Marine x2  
  34  3:32  SCV  
  37  3:35  Starport Tech Lab  
  37  3:40  Supply Depot  
  37  3:43  SCV  
  37  3:44  SCV  
  39  3:51  Marine x2  
  41  3:55  Raven  
  41  3:56  SCV  
  41  3:58  SCV, Refinery  
  45  4:05  Cyclone  
  48  4:10  SCV, Supply Depot  
  48  4:11  SCV  
  48  4:14  Marine  
  48  4:15  Marine  
  51  4:22  SCV  
  51  4:23  SCV  
  53  4:27  Supply Depot  
  53  4:32  Marine  
  53  4:33  Marine  
  53  4:34  SCV  
  53  4:35  SCV  
  57  4:38  Raven  
  57  4:41  Siege Tank  
  62  4:47  Supply Depot  
  62  4:49  SCV x2  
  62  4:52  Marine x2  
  66  5:01  SCV  
  66  5:02  SCV  
  68  5:13  SCV  
  69  5:15  Command Center  
  69  5:17  SCV  
  69  5:20  Refinery  
  70  5:22  Marine x2  
  70  5:23  Supply Depot, Raven  
  70  5:25  SCV  
  78  5:32  Engineering Bay  
  78  5:36  Supply Depot  
  78  5:44  SCV x2  
  78  5:46  Engineering Bay  
  78  5:48  Marine x2  
  82  5:57  SCV x2  
  84  6:07  Supply Depot  
  84  6:09  SCV x2  
  86  6:11  Terran Infantry Armor Level 1, Terran Infantry Weapons Level 1  
  86  6:16  Raven  
  86  6:17  Siege Tank  
  88  6:19  Barracks  
  88  6:20  Barracks  
  88  6:21  Marine, SCV  
  88  6:22  Marine  
  92  6:25  SCV  
  92  6:31  Orbital Command  
  92  6:34  SCV  
  92  6:38  Supply Depot  
  92  6:39  SCV  
  94  6:43  Marine x2, Barracks x2  
  96  6:49  Siege Tank  
  95  7:05  Marine x2  
  92  7:09  SCV x2  
  92  7:13  Orbital Command  
  92  7:15  Barracks Tech Lab  
  94  7:18  Starport Reactor  
  94  7:24  SCV  
  94  7:27  Supply Depot  
  94  7:28  Marine, SCV, Supply Depot  
  94  7:29  Marine x2  
  99  7:30  Stimpack, Supply Depot  
  99  7:32  Barracks Reactor x2  
  99  7:36  SCV  
  100  7:38  Siege Tank, Marauder  
  100  7:40  Refinery  
  100  7:41  Refinery, Armory  
  106  7:44  SCV  
  106  7:45  SCV  
  106  7:48  Marine x3  
  106  7:51  SCV  
  111  7:55  Supply Depot  
  111  7:56  SCV, Supply Depot  
  111  7:57  SCV  
  113  8:06  Marine x3  
  113  8:07  Marine  
  113  8:08  Marine x2, Medivac x2  
  113  8:09  Marine x2  
  113  8:10  SCV x3  
  128  8:22  SCV x2  
  128  8:24  Marine x2  
  131  8:37  Missile Turret  
  131  8:39  Marine  
  131  8:40  Marine  
  131  8:41  Marine x4  
  133  8:42  Marine, Missile Turret  
  133  8:48  Marine  
  138  8:50  Terran Infantry Armor Level 2, Terran Infantry Weapons Level 2  
  138  8:54  SCV x3  
  141  8:57  Marine x2  
  141  8:58  Marine, Command Center  
  141  8:59  Marine  
  141  9:02  Marine x3  
  148  9:04  Siege Tank, Medivac x2  
  148  9:05  Combat Shield  
  148  9:06  Marine  
  148  9:08  Supply Depot  
  148  9:09  Supply Depot x2  
  156  9:15  Marine x2  
  156  9:16  Marine  
  157  9:32  Marine x4  
  160  9:38  Starport  
  160  9:39  Starport  
  148  9:46  Marine x2  
  148  9:50  Marine x6  
  139  10:03  Marine, Siege Tank  
  139  10:04  Marine  
  142  10:08  Marine x4, Barracks  
  142  10:09  Marine x2  
  142  10:11  Barracks, Medivac x2  
  142  10:14  Barracks  
  152  10:21  Marine  
  152  10:22  Marine  
  152  10:26  Marine x3  
  157  10:34  Marine x3  
  154  10:39  Marine  
  154  10:40  Marine, Siege Tank  
  158  10:43  Marine  
  158  10:44  Marine  
  137  10:51  Marine x2  
  137  10:52  Marine x2  
  134  10:57  Marine x2  
  134  11:01  Marine x2  
  138  11:04  Medivac x2  
  138  11:06  Barracks Reactor x3  
  138  11:07  Starport Tech Lab  
  138  11:08  Starport Reactor  
  138  11:09  Marine x4  
  144  11:12  Planetary Fortress  
  144  11:15  Marine x2, Unknown  
  146  11:19  Marine x2  
  146  11:20  Command Center, Siege Tank  
  146  11:23  Command Center  
  151  11:26  Marine  
  151  11:27  Marine x2  
  151  11:29  Marine  
  154  11:32  Viking  
  154  11:33  Marine x2  
  154  11:37  Marine x2  
  160  11:44  Marine  
  160  11:45  Marine x2  
  163  11:47  Marine  
  163  11:50  Marine x7  
  163  11:51  Marine  
  163  11:53  Viking x2  
  176  11:55  Marine x2  
  175  12:02  Marine  
  166  12:17  Marine  
  166  12:18  Marine x8  
  165  12:29  Viking  
  167  12:30  Viking x2  
  167  12:32  Viking x2  
  167  12:33  Terran Infantry Armor Level 3, Terran Infantry Weapons Level 3  
  167  12:34  Terran Ship Weapons Level 1  
  167  12:36  Orbital Command  
  175  12:39  Orbital Command  
  175  12:50  Command Center  
  174  12:52  Marine x4  
  174  12:53  Marine x3  
  174  12:55  Marine x2  
  174  12:58  Marine x5  
  182  13:03  Viking  
  189  13:10  Marine x7  
  196  13:13  Marine x2  
  196  13:16  Marine x2  
  199  13:24  Marine x2  
  192  13:49  Marine x7  
  188  14:05  Marine x6  
  194  14:10  Factory x3  
  194  14:13  Liberator, Refinery  
  194  14:14  Liberator x3  
  194  14:15  Factory  
  194  14:18  Refinery  
  194  14:21  Marine  
  194  14:22  Marine x5  
  176  14:29  Marine x8  
  173  14:32  Siege Tank  
  177  14:39  Marine x4  
  177  14:40  Marine x2  
  183  14:47  Marine x5  
  183  14:49  Planetary Fortress  
  188  15:01  Marine  
  188  15:02  Marine x4  
  188  15:05  Marine  
  188  15:06  Marine x3  
  197  15:07  Marine  
  197  15:10  Marine x2  
  197  15:13  Marine  
  180  15:19  Marine  
  180  15:20  Marine x5  
  179  15:23  Marine, Viking  
  179  15:24  Medivac x3, Viking  
  179  15:25  Siege Tank  
  193  15:31  Marine x3  
  193  15:32  Marine x2  
  198  15:38  Marine x4  
  197  15:53  Marine x9, Medivac  
  193  16:02  Marine  
  194  16:05  Factory Tech Lab x2  
  194  16:06  Factory Tech Lab x2  
  194  16:10  Marine x4  
  194  16:11  Marine  
  193  16:30  Marine x7  
  199  16:43  Fusion Core  
Tags
 
Add a new tag
Caveats
  • Supply blocks, unpowered buildings, or Contaminate may cause inaccurate times.
  • Supply counts are checked every 10 seconds.